[Event "Late-Titled-Tuesday-Blitz-March-26-2024"]
[Site "Chess.com"]
[Date "2024.03.26"]
[Round "9"]
[White "WilsonPalencia21"]
[Black "IsaqueGoncalvesSanto"]
[Result "1-0"]
[WhiteElo "2578"]
[BlackElo "1905"]
[TimeControl "180+1"]
[EndTime "15:44:15 PDT"]
[Termination "WilsonPalencia21 won on time"]

1. d4 d5 2. c4 c6 3. Nf3 e6 4.
Nc3 dxc4 5. a4 Bb4 6. e3 b5 7. Bd2 Nf6 8. axb5 Bxc3 9. Bxc3 cxb5 10. b3 a5 11. bxc4 Ne4 12. Bb2 b4 13. d5 O-O 14.
Qd4 Nf6 15. e4 exd5 16. e5 Re8 17. Be2 dxc4 18. exf6 c3 19. Qxd8 Rxd8 20. Bxc3 bxc3 21. O-O Bf5 22. Rfc1 c2 23. Nh4 Be4 24. f3 Rd2 25.
Kf1 Bb7 26. Ke1 Rd4 27. Nf5 Rf4 28. Nd6 Bd5 29. Rxc2 Nd7 30. fxg7 Kxg7 31. Rc7 Nb6 32. Rb1 Rb4 33. Rd1 Be6 34. Ne4 a4 35. Nc5 1-0

[Event "Late-Titled-Tuesday-Blitz-March-26-2024"]
[Site "Chess.com"]
[Date "2024.03.26"]
[Round "9"]
[White "Binary010"]
[Black "TimGrutter03"]
[Result "1-0"]
[WhiteElo "2775"]
[BlackElo "2601"]
[TimeControl "180+1"]
[EndTime "15:44:16 PDT"]
[Termination "Binary010 won by checkmate"]

1. e4 c5 2. Nf3 d6 3. d4 Nf6 4.
Nc3 cxd4 5. Nxd4 Nc6 6. Bg5 e6 7. Qd2 Bd7 8. Ndb5 Qb8 9. O-O-O a6 10. Nxd6+ Bxd6 11. Qxd6 Qxd6 12. Rxd6 Ke7 13. Rxc6 Bxc6 14. e5 Rhg8 15. f3 Rad8 16. Bd3 h6 17. Bh4 g5 18. exf6+ Kxf6 19. Bg3 h5 20. Ne4+ Ke7 21. Be5 Bxe4 22. Bxe4 f6 23. Bc3 b6 24. b3 e5 25.
Bf5 g4 26. fxg4 hxg4 27. g3 Rg5 28. Rf1 Rh8 29. Rf2 Rgh5 30. Bxg4 Rxh2 31. Rf3 Rg2 32.
Bf5 Rd8 33. Bb4+ Kf7 34. Rc3 Kg7 35. Rc7+ Kh6 36. Be7 Ra8 37. Bxf6 Kh5 38. Rh7# 1-0

[Event "Late-Titled-Tuesday-Blitz-March-26-2024"]
[Site "Chess.com"]
[Date "2024.03.26"]
[Round "9"]
[White "GelmanAlexander"]
[Black "ImportedItalianMaple"]
[Result "1-0"]
[WhiteElo "2674"]
[BlackElo "2517"]
[TimeControl "180+1"]
[EndTime "15:44:18 PDT"]
[Termination "GelmanAlexander won by resignation"]

1. c4 g6 2. Nf3 Bg7 3. e3 d6 4.
Nc3 Nc6 5. d3 e5 6. Be2 f5 7. a3 Nf6 8. Qc2 O-O 9. h3 h6 10. Bd2 Be6 11. b4 g5 12. b5 Ne7 13.
a4 Ng6 14. a5 Qe7 15. a6 b6 16. g3 Rae8 17. Nh2 d5 18. cxd5 Nxd5 19. Nxd5 Bxd5 20. O-O f4 21. Bh5 Rf6 22. Rac1 c5 23. bxc6 Rxc6 24.
Qxc6 Bxc6 25. Rxc6 Nf8 26. Bxe8 Qxe8 27. Rc7 e4 28.
dxe4 Qd8 29. Rc2 fxg3 30. fxg3 Be5 31. Ng4 Bxg3 32. Nxh6+ Kh7 33. Nf7 Qd3 34. Nxg5+ Kg6 35. Rc6+ Kxg5 36. Rf5+ 1-0

[Event "Late-Titled-Tuesday-Blitz-March-26-2024"]
[Site "Chess.com"]
[Date "2024.03.26"]
[Round "9"]
[White "baki83"]
[Black "jefferyx"]
[Result "0-1"]
[WhiteElo "2906"]
[BlackElo "3098"]
[TimeControl "180+1"]
[EndTime "15:44:21 PDT"]
[Termination "jefferyx won by resignation"]

1. e4 c5 2. Nf3 d6 3. Bb5+ Bd7 4.
Bxd7+ Nxd7 5. O-O Ngf6 6. Re1 Rc8 7. b3 g6 8. Bb2 Bg7 9. d4 cxd4 10. Nxd4 Nc5 11. f3 O-O 12. c4 Qb6 13. Kh1 Na4 14.
Bc3 Nxc3 15. Nxc3 e6 16. Na4 Qa5 17. Rc1 a6 18. Qd3 Nd7 19. Nc3 Rfd8 20. Red1 Bh6 21.
Rc2 b5 22. cxb5 Ne5 23. Qe2 Rxc3 24. Rxc3 Qxc3 25. bxa6 Ra8 26. Qb5 Qc8 27. Qb7 Qxb7 28. axb7 Rb8 29. Nb5 Rxb7 30. a4 Rb8 31. Rxd6 Rc8 32.
Rd1 Rc2 33. Nd4 Ra2 34. h3 Bf4 35. Nb5 Nd3 36. g3 Nf2+ 0-1

[Event "Late-Titled-Tuesday-Blitz-March-26-2024"]
[Site "Chess.com"]
[Date "2024.03.26"]
[Round "9"]
[White "elchacal664"]
[Black "gxbg2000"]
[Result "1/2-1/2"]
[WhiteElo "2252"]
[BlackElo "2039"]
[TimeControl "180+1"]
[EndTime "15:44:24 PDT"]
[Termination "Game drawn by repetition"]

1. e4 e5 2. Bc4 c6 3. Nc3 Nf6 4. d3 Be7 5. f4 exf4 6. e5 Ng8 7. Bxf4 d5 8. exd6 Bxd6 9. Bxd6 Qxd6 10. Qf3 Nf6 11.
Ne4 Qe5 12. O-O-O O-O 13. Nxf6+ Qxf6 14. Qxf6 gxf6 15. Nf3 Nd7 16. Rde1 Nb6 17. Bb3 Bg4 18. Nh4 Rae8 19. h3 Bh5 20. g4 Bg6 21. Rhf1 Kg7 22. Kd2 Rxe1 23. Rxe1 h5 24. gxh5 Bxh5 25. Nf5+ Kg6 26.
Ne7+ Kg5 27. Rg1+ Kf4 28. Rf1+ Kg3 29. Rxf6 Kxh3 30. Nf5 Bg6 31. Nd6 Nd5 32. Bxd5 cxd5 33. c4 dxc4 34. dxc4 b6 35. b4 Kg4 36. c5 bxc5 37.
bxc5 Kg5 38. Rf3 Rd8 39. Kc3 f5 40. Rxf5+ Bxf5 41. Nf7+ Kf6 42. Nxd8 Ke7 43. Nb7 Kd7 44. Kb4 Kc6 45. Na5+ Kc7 46. a3 Be4 47. Nb3 Bd3 48. Nd4 Be4 49. c6 Bxc6 50. Nxc6 Kxc6 51. Ka5 Kb7 52. a4 Ka8 53. Ka6 Kb8 54. a5 Ka8 55.
Kb5 Kb7 56. a6+ Kc7 57. Kc5 Kd7 58. Kd5 Kc7 59. Kc5 Kd7 60. Kd5 Kc7 61. Kc5 1/2-1/2

[Event "Late-Titled-Tuesday-Blitz-March-26-2024"]
[Site "Chess.com"]
[Date "2024.03.26"]
[Round "9"]
[White "giomar27"]
[Black "Revan_2002"]
[Result "0-1"]
[WhiteElo "2462"]
[BlackElo "2660"]
[TimeControl "180+1"]
[EndTime "15:44:27 PDT"]
[Termination "Revan_2002 won by resignation"]

1. Nc3 g6 2. d4 Bg7 3. Bf4 d6 4. Qd2 c6 5. O-O-O Nd7 6. h4 h5 7. Nf3 b5 8. e3 Qa5 9. Kb1 Nb6 10. Ne4 Qxd2 11. Nfxd2 Bf5 12. Ng3 Be6 13. b3 Nf6 14. c4 bxc4 15. Nxc4 Nxc4 16. Bxc4 Bxc4 17. bxc4 Ng4 18.
Rhf1 Rb8+ 19. Kc2 c5 20. f3 Nh6 21. Bxh6 Rxh6 22. Ne4 cxd4 23. exd4 Rh8 24. Nc3 Kd7 25. c5 Rhc8 26. Rb1 Rxb1 27. Rxb1 dxc5 28. d5 Bxc3 29.
Kxc3 Rc7 30. Kc4 Kd6 31. Rb8 Ke5 32. Rf8 f6 33. Rg8 Kf5 34. Rg7 Rd7 35. Kxc5 Rc7+ 36.
Kd4 e5+ 37. dxe6 Rxg7 0-1

[Event "Late-Titled-Tuesday-Blitz-March-26-2024"]
[Site "Chess.com"]
[Date "2024.03.26"]
[Round "9"]
[White "ckgchess"]
[Black "Polish_fighter3000"]
[Result "1-0"]
[WhiteElo "2957"]
[BlackElo "3117"]
[TimeControl "180+1"]
[EndTime "15:44:30 PDT"]
[Termination "ckgchess won by checkmate"]

1. e4 c5 2. c3 Nf6 3. e5 Nd5 4.
d4 cxd4 5. Bc4 Nb6 6. Bb3 d5 7.
cxd4 Nc6 8. Bc2 Nb4 9. Nc3 Bg4 10. Nge2 Nxc2+ 11. Qxc2 Bxe2 12. Qxe2 e6 13. O-O Qd7 14.
a4 a6 15. a5 Nc8 16. Qg4 h5 17. Qg3 Ne7 18. Bg5 Nf5 19. Qf4 Rc8 20. Na4 Qb5 21.
Rfc1 Rc6 22. h3 Bb4 23. Nc3 Bxc3 24. bxc3 Qd3 25. Rab1 Rxc3 26. Rxc3 Qxc3 27. Rc1 Qxa5 28. Rc8+ Kd7 29. Rxh8 Qe1+ 30. Kh2 Qd1 31. Rf8 Kc6 32.
Rxf7 Nxd4 33. Bd8 Ne2 34. Rc7+ Kb5 35. Rxb7+ Kc6 36. Rb6+ Kc5 37. Qb4# 1-0

[Event "Late-Titled-Tuesday-Blitz-March-26-2024"]
[Site "Chess.com"]
[Date "2024.03.26"]
[Round "9"]
[White "NMJeevanK"]
[Black "Savagelittlemole"]
[Result "1/2-1/2"]
[WhiteElo "2618"]
[BlackElo "2535"]
[TimeControl "180+1"]
[EndTime "15:44:30 PDT"]
[Termination "Game drawn by repetition"]

1. e4 c5 2. Nc3 Nc6 3. Bb5 g6 4.
Bxc6 bxc6 5. d3 Bg7 6. Be3 d6 7. Qd2 e5 8. Nge2 Ne7 9. Bh6 O-O 10. O-O d5 11. Bxg7 Kxg7 12. f4 d4 13. Na4 Qd6 14.
Qa5 Bg4 15. fxe5 Qxe5 16. Ng3 Rab8 17. b3 Rb5 18. Qd2 Be6 19. Rf4 f5 20. Re1 Qd6 21. exf5 Bxf5 22. Rh4 Ng8 23. Rf1 Qe7 24. Rhf4 Nh6 25.
Nxf5+ Rxf5 26. Re1 Qf7 27. Rfe4 Rb7 28. Qe2 Qf8 29.
Re7+ Rxe7 30. Qxe7+ Qxe7 31. Rxe7+ Kf6 32. Rxh7 Ng4 33. Rxa7 Ne3 34. h3 Rf1+ 35. Kh2 Rf2 36. Nxc5 Rxg2+ 37. Kh1 Rxc2 38. Ne4+ Ke5 39. Re7+ Kf4 40.
Rf7+ Nf5 41. a4 Kf3 42. a5 Rc1+ 43. Kh2 Rc2+ 44. Kh1 Rc1+ 45. Kh2 Rc2+ 46. Kh1 1/2-1/2

[Event "Late-Titled-Tuesday-Blitz-March-26-2024"]
[Site "Chess.com"]
[Date "2024.03.26"]
[Round "9"]
[White "lluiss"]
[Black "1g60-1"]
[Result "0-1"]
[WhiteElo "2230"]
[BlackElo "2396"]
[TimeControl "180+1"]
[EndTime "15:44:30 PDT"]
[Termination "1g60-1 won by checkmate"]

1. Nf3 f5 2. c4 Nf6 3. g3 e6 4.
Bg2 Be7 5. O-O O-O 6. b3 a5 7. Nc3 d6 8. Bb2 e5 9. d3 Qe8 10. Nd5 Bd8 11. Nxf6+ Rxf6 12. c5 Qh5 13. cxd6 cxd6 14. Qc1 Nc6 15. Qg5 Qf7 16. Rfc1 f4 17.
d4 Rh6 18. Qxh6 gxh6 19. dxe5 dxe5 20. Nxe5 Nxe5 21. Bxe5 fxg3 22. hxg3 Bb6 23. e3 Bg4 24. Rc3 Bf3 25. Bxf3 Qxf3 26. Rac1 Rf8 27. Bf4 h5 28. R1c2 h4 29. gxh4 Rxf4 30. exf4 Bxf2+ 31. Kf1 Be3+ 32. Ke1 Qe4 33. Rc8+ Kg7 34. R2c7+ Kh6 35. Kd1 Bxf4 36. Rc4 Qd3+ 37. Ke1 Bg3# 0-1

[Event "Late-Titled-Tuesday-Blitz-March-26-2024"]
[Site "Chess.com"]
[Date "2024.03.26"]
[Round "9"]
[White "manitodeplomo"]
[Black "TanitoluwaAps116"]
[Result "0-1"]
[WhiteElo "2645"]
[BlackElo "2825"]
[TimeControl "180+1"]
[EndTime "15:44:31 PDT"]
[Termination "TanitoluwaAps116 won on time"]

1. d4 Nf6 2. c4 e6 3. Nf3 b6 4. g3 Ba6 5. Qc2 Bb7 6. Bg2 c5 7. d5 exd5 8. cxd5 Nxd5 9. O-O Be7 10. Ne5 Qc7 11. Nxf7 O-O 12. Ng5 Bxg5 13. Bxg5 Nb4 14. Qb3+ Rf7 15. Nc3 Bxg2 16. Kxg2 N8c6 17. Nb5 Qe5 18.
Bf4 Qe4+ 19. Kg1 c4 20. Qd1 Rxf4 21. gxf4 Re8 22. Nd6 Qg6+ 23. Kh1 Rf8 24. a3 Nd3 25. exd3 Qxd6 26. dxc4 Qxf4 27. Qd5+ Kh8 28. Rae1 Nd4 29.
Re3 h6 30. Qe4 Qf6 0-1

[Event "Late-Titled-Tuesday-Blitz-March-26-2024"]
[Site "Chess.com"]
[Date "2024.03.26"]
[Round "9"]
[White "Navyblue1"]
[Black "EsmeraldasAnderson03"]
[Result "0-1"]
[WhiteElo "2289"]
[BlackElo "2612"]
[TimeControl "180+1"]
[EndTime "15:44:31 PDT"]
[Termination "EsmeraldasAnderson03 won by resignation"]

1. d4 d5 2. c4 dxc4 3. e4 e5 4. Nf3 exd4 5. Bxc4 Bb4+ 6. Bd2 Bxd2+ 7. Nbxd2 Nf6 8.
Ng5 O-O 9. Qb3 Qe7 10. O-O Nc6 11. e5 Ng4 12. Nde4 Na5 13. Bxf7+ Rxf7 14. Qxf7+ Qxf7 15. Nxf7 Kxf7 16. Rad1 Nc6 17. Ng5+ Kg6 18. Nf3 Ngxe5 19.
Nxd4 Nxd4 20. Rxd4 Bf5 21. Rc1 Nc6 22. Rd2 Re8 23.
f3 Kf6 24. Kf2 Re7 25. g4 Bg6 26. Rc5 Ne5 27. Kg3 b6 28. Rc3 c5 29. f4 Nc6 30.
f5 Be8 31. Rd6+ Kf7 32. Ra3 Nd4 33. Rd8 Bc6 34. Rd3 h6 35. b4 Bb5 36. Rd2 Ne2+ 37. Kf2 cxb4 38. R8d5 Nc3 39. R5d4 Ne4+ 40. Rxe4 Rxe4 41.
Rb2 Rxg4 42. Kf3 Rc4 0-1

[Event "Late-Titled-Tuesday-Blitz-March-26-2024"]
[Site "Chess.com"]
[Date "2024.03.26"]
[Round "9"]
[White "HelenaWalker2912"]
[Black "misterlamine"]
[Result "0-1"]
[WhiteElo "2488"]
[BlackElo "2479"]
[TimeControl "180+1"]
[EndTime "15:44:31 PDT"]
[Termination "misterlamine won on time"]

1. d4 Nf6 2. c4 d6 3. Nc3 g6 4.
e4 Bg7 5. h3 O-O 6. Be3 c6 7.
Nf3 d5 8. cxd5 cxd5 9. e5 Ne4 10. Bd3 Nxc3 11. bxc3 Nc6 12. O-O Bd7 13. c4 dxc4 14. Bxc4 Na5 15. Be2 Be6 16. Qa4 b6 17. Rac1 Qd5 18.
Rc2 Rac8 19. Rfc1 Rxc2 20. Rxc2 Qb7 21. Ng5 Bd5 22. Bf3 Bxf3 23. Nxf3 e6 24. h4 Rc8 25. h5 Bf8 26. h6 Rxc2 27. Qxc2 Qc6 28. Qd3 Qd5 29. Qa6 Qc4 30. Qxa7 Qb4 31. Ng5 Qe7 32.
Qxb6 Nc4 33. Qb3 Nxe3 34. Qxe3 Bxh6 35. f4 Qa7 36. a3 Bf8 37. Ne4 Bxa3 38. Nf6+ Kg7 39.
Kh2 Be7 40. Ne4 h5 41. Qd3 h4 42. Kh3 Qa1 43. Kh2 Qe1 44. d5 exd5 45. Qxd5 Bd8 46.
Qd3 Bb6 47. Ng5 Qg1+ 48. Kh3 Qh1+ 0-1

[Event "Late-Titled-Tuesday-Blitz-March-26-2024"]
[Site "Chess.com"]
[Date "2024.03.26"]
[Round "9"]
[White "Mikhal867"]
[Black "ValeriyGrinev"]
[Result "1-0"]
[WhiteElo "2476"]
[BlackElo "2585"]
[TimeControl "180+1"]
[EndTime "15:44:32 PDT"]
[Termination "Mikhal867 won by resignation"]

1. d4 c5 2. d5 d6 3. Nc3 a6 4. a4 g6 5. h4 h5 6. Nh3 Bg7 7. Ng5 Nf6 8. e4 Nbd7 9. Bf4 Nh7 10. Nxh7 Rxh7 11. Qd2 Ne5 12. Be2 Bg4 13. f3 Bd7 14.
O-O Rb8 15. a5 Kf8 16. Na4 Bxa4 17. Rxa4 Kg8 18. c3 Rh8 19. Bg3 Qd7 20. b3 Kh7 21. f4 Ng4 22. e5 dxe5 23. f5 Bf6 24. Bd3 Rhg8 25. fxg6+ fxg6 26. Be4 Rbc8 27. Qd3 Qb5 28. c4 Qd7 29. Ra2 Rcf8 30. Rf3 Bh8 31. Rxf8 Rxf8 32. Bxg6+ Kh6 33. Be1 e4 34. Bxe4 Bd4+ 35. Kh1 Kg7 36. Bf3 Qd6 37. Bxg4 hxg4 38. Qe2 Qf4 39. Bd2 Qf1+ 40.
Qxf1 Rxf1+ 41. Kh2 Be5+ 42. g3 Rf2+ 43. Kg1 Re2 44.
Bh6+ Kxh6 45. Rxe2 Bd4+ 46. Kg2 Bf6 47. Re4 Kh5 48.
Rf4 Be5 49. Rf5+ 1-0

[Event "Late-Titled-Tuesday-Blitz-March-26-2024"]
[Site "Chess.com"]
[Date "2024.03.26"]
[Round "9"]
[White "crazycheesecake"]
[Black "katharinareinecke"]
[Result "1-0"]
[WhiteElo "2083"]
[BlackElo "1993"]
[TimeControl "180+1"]
[EndTime "15:44:33 PDT"]
[Termination "crazycheesecake won on time"]

1. Nf3 d5 2. c4 c6 3. g3 Nf6 4.
Bg2 e6 5. b3 Be7 6. Bb2 O-O 7.
O-O b6 8. e3 Bb7 9. Qe2 Nbd7 10.
Nc3 c5 11. cxd5 exd5 12. d4 Rc8 13. Rfd1 c4 14. bxc4 Rxc4 15. e4 Qc8 16. Nxd5 Nxd5 17.
exd5 Bf6 18. Rac1 Bxd5 19. Nd2 Rxc1 20. Rxc1 Qb7 21. Ne4 Re8 22. Nxf6+ Nxf6 23. Bxd5 Qxd5 24. Qa6 Ng4 25. Qc8 Qe4 26. Qc6 Qe2 27. Rc2 Qd1+ 28.
Kg2 Qe1 29. Bc3 Qe7 30. Bb4 Qe6 31. d5 Qe4+ 32. Kh3 h5 33. Qc4 1-0

[Event "Late-Titled-Tuesday-Blitz-March-26-2024"]
[Site "Chess.com"]
[Date "2024.03.26"]
[Round "9"]
[White "MPCandelario"]
[Black "DishonorOnYourCow"]
[Result "1-0"]
[WhiteElo "2679"]
[BlackElo "2548"]
[TimeControl "180+1"]
[EndTime "15:44:36 PDT"]
[Termination "MPCandelario won on time"]

1. e4 c5 2. Nf3 d6 3. d4 cxd4 4. Nxd4 Nf6 5. Nc3 a6 6. Be2 e5 7.
Nb3 Be7 8. Be3 b5 9. a4 b4 10. Nd5 O-O 11. Nb6 Bb7 12. Nxa8 Bxa8 13. f3 d5 14. O-O dxe4 15. Qxd8 Rxd8 16. Rad1 Rc8 17. fxe4 Bxe4 18. Bd3 Bb7 19. Na5 Bd5 20. b3 e4 21. Bc4 Bxc4 22. Nxc4 Nbd7 23. Rfe1 h6 24. h3 Nc5 25. a5 Nb7 26. Bb6 Bc5+ 27. Kf1 Rc6 28.
Bxc5 Rxc5 29. Rd4 Nxa5 30. Nxa5 Rxa5 31. Rxb4 Ra2 32. Rc4 g5 33. Kf2 Kg7 34. Re2 a5 35. Ra4 Rb2 36. Rxa5 Nh5 37. Rxe4 Rxc2+ 38. Re2 Rc3 39.
Rb2 Nf4 40. Kg1 Rc1+ 41. Kh2 Nd3 42. Rd2 Nf4 43. Raa2 Rb1 44. Rab2 Rc1 45. b4 Ne6 46. b5 1-0

[Event "Late-Titled-Tuesday-Blitz-March-26-2024"]
[Site "Chess.com"]
[Date "2024.03.26"]
[Round "9"]
[White "IsuruAlahakoon"]
[Black "salgadoLO"]
[Result "1-0"]
[WhiteElo "2361"]
[BlackElo "2180"]
[TimeControl "180+1"]
[EndTime "15:44:36 PDT"]
[Termination "IsuruAlahakoon won on time"]

1. Nf3 d5 2. e3 c5 3. b3 Nc6 4. Bb2 Nf6 5. Bb5 Bd7 6. O-O a6 7.
Bxc6 Bxc6 8. Ne5 Rc8 9. d3 e6 10. Nd2 Bd6 11. f4 O-O 12. Rf3 Nd7 13. Rh3 f6 14. Qh5 h6 15. Qg4 Nxe5 16. fxe5 Bxe5 17.
Qxe6+ Rf7 18. Bxe5 Bd7 19. Qxd5 Bxh3 20. Qxd8+ Rxd8 21. Bg3 Bf5 22. e4 Be6 23. a4 b5 24. axb5 axb5 25. Ra6 Bc8 26. Rc6 c4 27. bxc4 bxc4 28. Nxc4 Bb7 29. Rb6 Rc8 30. Nd6 Rc6 31. Rxb7 Rxb7 32.
Nxb7 Rxc2 33. d4 g5 34. Nc5 h5 35. h4 Kf7 36. d5 Rc3 37. d6 1-0

[Event "Late-Titled-Tuesday-Blitz-March-26-2024"]
[Site "Chess.com"]
[Date "2024.03.26"]
[Round "9"]
[White "aa175"]
[Black "Fandorine"]
[Result "0-1"]
[WhiteElo "2749"]
[BlackElo "2908"]
[TimeControl "180+1"]
[EndTime "15:44:38 PDT"]
[Termination "Fandorine won by resignation"]

1. d4 Nf6 2. Nf3 g6 3. c4 Bg7 4. Nc3 O-O 5. e4 d6 6. Be3 e5 7. dxe5 dxe5 8. Qc2 Nc6 9. Rd1 Bd7 10. Be2 Qc8 11. Nd5 Re8 12. O-O Bg4 13. h3 Bxf3 14. Bxf3 a5 15. Qd2 Nxd5 16. cxd5 Nd4 17. Be2 c6 18.
Rc1 Qd7 19. dxc6 bxc6 20. Bc4 a4 21. Rfd1 h5 22. f4 Rad8 23. f5 gxf5 24. exf5 Bf6 25. Qf2 Kh7 26. g4 Rg8 27. Qg2 Qe7 28. Qe4 hxg4 29. hxg4 Rxg4+ 30. Qxg4 Rg8 31. Qxg8+ Kxg8 32. Kf2 Kf8 33. Bh6+ Bg7 34. Bxg7+ Kxg7 35. Rg1+ Kf8 36. Rh1 Qg5 37. Ke1 Qxc1+ 0-1

[Event "Late-Titled-Tuesday-Blitz-March-26-2024"]
[Site "Chess.com"]
[Date "2024.03.26"]
[Round "9"]
[White "maximnovik"]
[Black "jinbojinbo"]
[Result "1-0"]
[WhiteElo "2592"]
[BlackElo "2634"]
[TimeControl "180+1"]
[EndTime "15:44:38 PDT"]
[Termination "maximnovik won by resignation"]

1. e4 e5 2. Nf3 Nc6 3. Bc4 Nf6 4. d3 Bc5 5. c3 d6 6. Nbd2 O-O 7. O-O a6 8. Bb3 Ba7 9. Re1 Re8 10. h3 Ne7 11.
Nf1 Ng6 12. Ng3 h6 13. d4 Be6 14. Bc2 c6 15. Be3 Qc7 16. Qd2 Kh7 17. Rad1 Rad8 18. Qc1 b5 19. a3 a5 20. Nf5 Bxf5 21. exf5 Nf8 22. dxe5 Bxe3 23. Qxe3 dxe5 24. Rxd8 Qxd8 25.
Nxe5 N8d7 26. f4 Qc7 27. Qg3 Kg8 28. Bb3 Re7 29. Ng4 Rxe1+ 30. Qxe1 Qxf4 31. Qe7 Qc1+ 32. Kh2 Qf4+ 33. Kg1 Qxf5 34. Qxf7+ Kh7 35. Ne3 Qb1+ 36. Kh2 Qxb2 37. Bc2+ Kh8 38. Nf5 1-0

[Event "Late-Titled-Tuesday-Blitz-March-26-2024"]
[Site "Chess.com"]
[Date "2024.03.26"]
[Round "9"]
[White "titomagno_64"]
[Black "thesupera12"]
[Result "0-1"]
[WhiteElo "2299"]
[BlackElo "2428"]
[TimeControl "180+1"]
[EndTime "15:44:38 PDT"]
[Termination "thesupera12 won on time"]

1. d4 e5 2. dxe5 Qe7 3. Nf3 Nc6 4. e4 Nxe5 5. Nc3 Nf6 6. Bg5 c6 7. Be2 h6 8. Bh4 Ng6 9. Bg3 Nxe4 10. Nxe4 Qxe4 11.
O-O Be7 12. Bd3 Qd5 13. Re1 Nf8 14. Re5 Qd6 15. Rg5 hxg5 16. Bxd6 Bxd6 17. h3 Ne6 18.
Qd2 Bf4 19. Qc3 d5 20. Re1 O-O 21. Bf5 g6 22. Bxe6 Bxe6 23. g3 Bd6 24. Qf6 Rae8 25. Nxg5 Be7 26. Qf4 Bxg5 27. Qxg5 Bxh3 28. Rxe8 Rxe8 29.
Kh2 Bf5 30. c3 Bb1 31. Qd2 Bxa2 32. Kg2 Bb1 33. Qd4 b6 34. Qf4 c5 35. Qc7 Re2 36.
Qxa7 Rxb2 37. Qa8+ Kg7 38. Qxd5 Re2 39. Qd7 Bf5 40.
Qd6 Re6 41. Qd8 b5 42. Qd2 Be4+ 43. Kh2 Bc6 44. Qb2 Re1 45. c4+ Kg8 46. g4 bxc4 47. Qb8+ Re8 48. Qc7 Bf3 49. Qxc5 Bxg4 50. Kg3 Be6 51.
Qd6 Rc8 52. Qe7 c3 53. Qg5 c2 54. Qc1 Bf5 55. Kf4 Rd8 56. Kg5 Rd1 57. Qa3 c1=Q+ 0-1

[Event "Late-Titled-Tuesday-Blitz-March-26-2024"]
[Site "Chess.com"]
[Date "2024.03.26"]
[Round "9"]
[White "mbojan"]
[Black "hansen"]
[Result "0-1"]
[WhiteElo "2905"]
[BlackElo "2988"]
[TimeControl "180+1"]
[EndTime "15:44:40 PDT"]
[Termination "hansen won by checkmate"]

1. e4 e5 2. Nf3 Nc6 3. Bb5 a6 4.
Ba4 Nf6 5. O-O Be7 6. d3 b5 7.
Bb3 d6 8. a3 O-O 9. Nc3 Bb7 10.
h3 Qd7 11. Nd5 Nxd5 12. Bxd5 Nd8 13. Bxb7 Nxb7 14. Be3 f5 15. exf5 Qxf5 16. c4 Qe6 17.
Rc1 c5 18. Nd2 Nd8 19. b4 cxb4 20. axb4 Nc6 21. cxb5 Nxb4 22. bxa6 Rxa6 23. Ne4 h6 24. d4 d5 25. Nc5 Bxc5 26. Rxc5 e4 27. Rb5 Nd3 28. Qb3 Rd6 29. Rb8 Rxb8 30. Qxb8+ Kh7 31. Ra1 Ra6 32. Rb1 Qf5 33. Qc7 Rg6 34. Kh2 Nxf2 35. Rb8 Nd1 36. Qd8 Rxg2+ 37. Kxg2 Nxe3+ 38. Kg3 Qf3+ 39. Kh4 Nf5# 0-1

[Event "Late-Titled-Tuesday-Blitz-March-26-2024"]
[Site "Chess.com"]
[Date "2024.03.26"]
[Round "9"]
[White "bazar-wokzal"]
[Black "Supelyel"]
[Result "1-0"]
[WhiteElo "2559"]
[BlackElo "2405"]
[TimeControl "180+1"]
[EndTime "15:44:40 PDT"]
[Termination "bazar-wokzal won by resignation"]

1. e4 d6 2. f4 Nf6 3. Nc3 e5 4. Nf3 Nc6 5. Bc4 Be7 6. O-O O-O 7. d4 exd4 8. Nxd4 Nxd4 9. Qxd4 c6 10. h3 Qa5 11. Be3 b5 12. b4 c5 13. Qd2 cxb4 14. Nxb5 Bb7 15. Nxd6 Bxe4 16. Nxe4 Nxe4 17. Qd5 Qxd5 18. Bxd5 Nc3 19. Bxa8 Rxa8 20. Rfe1 Bf6 21. Kh2 Na4 22. Rab1 a5 23. Bd2 Rd8 24. Re2 h5 25. g4 hxg4 26. hxg4 Rc8 27. Be1 Bc3 28. Kg3 Bxe1+ 29.
Rbxe1 Rc3+ 30. Kh4 g6 31. f5 Kg7 32. fxg6 Kxg6 33. Rd2 Nc5 34. Re5 a4 35. Rg5+ Kf6 36.
Rf2+ Ke7 37. Rgf5 Ne4 38. Rxf7+ Ke6 39. R2f4 Nd6 40. R7f6+ Ke5 41. g5 Rxc2 42. Rxb4 Rh2+ 43. Kg4 Rxa2 44. Rf8 Rg2+ 45. Kh5 Ne4 46. Re8+ Kf5 47.
Rexe4 Rh2+ 48. Rh4 1-0

[Event "Late-Titled-Tuesday-Blitz-March-26-2024"]
[Site "Chess.com"]
[Date "2024.03.26"]
[Round "9"]
[White "AntonovaNadezhda"]
[Black "AlejandroArias"]
[Result "0-1"]
[WhiteElo "2158"]
[BlackElo "2363"]
[TimeControl "180+1"]
[EndTime "15:44:40 PDT"]
[Termination "AlejandroArias won on time"]

1. Nf3 e6 2. b3 d5 3. Bb2 c5 4. e3 Nf6 5. g3 Be7 6. Bg2 O-O 7. O-O Nc6 8. c4 d4 9. exd4 cxd4 10. Re1 Ne8 11. Ne5 Nxe5 12. Rxe5 f6 13. Re1 e5 14. d3 Nc7 15. Nd2 Kh8 16. a3 a5 17. Nf3 Na6 18. h3 Qc7 19. Qe2 Nc5 20. b4 axb4 21.
axb4 Na4 22. c5 Bd8 23. Nh4 Bd7 24. Bd5 Bc6 25. Bb3 g6 26. Qc2 Qd7 27. Kh2 Bc7 28. Bc1 Kg7 29. Bd2 g5 30. Ng2 b5 31. h4 h6 32. Qc1 Qf5 33. Kg1 Qf3 0-1

[Event "Late-Titled-Tuesday-Blitz-March-26-2024"]
[Site "Chess.com"]
[Date "2024.03.26"]
[Round "9"]
[White "Doublekk14"]
[Black "SahibSinghKnight"]
[Result "0-1"]
[WhiteElo "2417"]
[BlackElo "2582"]
[TimeControl "180+1"]
[EndTime "15:44:43 PDT"]
[Termination "SahibSinghKnight won on time"]

1. c4 e6 2. e4 d5 3. exd5 exd5 4. d4 Nf6 5. Nf3 Bb4+ 6. Nc3 O-O 7. Be2 dxc4 8. O-O Bxc3 9. bxc3 b5 10. a4 c6 11. axb5 cxb5 12. Ne5 Nd5 13. Bd2 Nd7 14. f4 N7f6 15. Bf3 Bb7 16. Qe1 a6 17. Qg3 Kh8 18. Qh3 Qb6 19. g4 b4 20. Nxc4 Qc7 21.
g5 Qxc4 22. gxf6 gxf6 23. Be4 Rg8+ 24. Kf2 Rg7 25. Rg1 Rag8 26. Rxg7 Rxg7 27. Rg1 bxc3 28. Rxg7 Qxd4+ 29. Be3 Qxe4 30. Rxf7 Nxf4 31. Bxf4 Qxf4+ 32. Ke1 Qd2+ 33. Kf1 Qd1+ 0-1

[Event "Late-Titled-Tuesday-Blitz-March-26-2024"]
[Site "Chess.com"]
[Date "2024.03.26"]
[Round "9"]
[White "cristiano78"]
[Black "a-z30"]
[Result "0-1"]
[WhiteElo "2251"]
[BlackElo "2477"]
[TimeControl "180+1"]
[EndTime "15:44:43 PDT"]
[Termination "a-z30 won by resignation"]

1. d4 Nf6 2. c4 e6 3. Nf3 Bb4+ 4. Bd2 Bxd2+ 5. Qxd2 O-O 6. Nc3 b6 7. g3 Bb7 8. Bg2 d6 9. O-O Nbd7 10. Rfe1 Ne4 11. Nxe4 Bxe4 12. Nh4 Bxg2 13. Nxg2 e5 14. e4 exd4 15. Qxd4 Re8 16. f4 a5 17. b3 Nc5 18. Rad1 Qc8 19. e5 dxe5 20. Rxe5 Rd8 21. Rd5 Rxd5 22. Qxd5 Qe8 23. Re1 Qd8 24. Ne3 Qe8 25. Nc2 Qf8 26. Nd4 Re8 27. Re5 Rd8 28. Nc6 Rxd5 29. Ne7+ Kh8 30. Nxd5 g6 31. Nf6 Ne6 32. f5 Qd8 33. Nd5 gxf5 34. Rxf5 Kg8 35. Kg2 Qd6 36. Rf6 Kg7 37. Rf5 Qa3 38. Rf2 Qb4 39.
Ne7 Qxe7 0-1

[Event "Late-Titled-Tuesday-Blitz-March-26-2024"]
[Site "Chess.com"]
[Date "2024.03.26"]
[Round "9"]
[White "Christian_Jordan"]
[Black "akanga001"]
[Result "0-1"]
[WhiteElo "2025"]
[BlackElo "2080"]
[TimeControl "180+1"]
[EndTime "15:44:43 PDT"]
[Termination "akanga001 won on time"]

1. e4 e6 2. d4 d5 3. Nc3 Nf6 4. Bg5 Be7 5. e5 Nfd7 6. Bxe7 Qxe7 7. Nb5 Na6 8. c3 O-O 9. f4 f6 10. Nf3 fxe5 11. fxe5 Ndb8 12. Bd3 Bd7 13. Na3 Be8 14.
O-O Bg6 15. Bxg6 hxg6 16. Qd3 Kh7 17. h4 Qe8 18. h5 c6 19. Nh4 Nd7 20. Nxg6 Rxf1+ 21. Rxf1 Kg8 22. Qf3 Nc7 23. Qf4 Nf8 24. Qg5 Nh7 25. Qg4 Qd7 26. Nc2 a5 27. Ne3 a4 28.
a3 c5 29. h6 cxd4 30. cxd4 Nb5 31. Qh4 Re8 32. Ng4 Nxd4 33. hxg7 Qxg7 34. Nh6+ Qxh6 35. Qxh6 Nf5 36. Rxf5 exf5 37. Nf4 Rxe5 38. Qg6+ Kh8 39. Ne6 Re1+ 0-1